 Dungeon Crawl Stone Soup version 0.25-a0-578-gc91f01c39c (webtiles) character file.

Game seed: 10971159799007453482, levelgen mode: deterministic

156148 Flugslaktarn the Severer (level 16, -35/136 HPs)
             Began as a Deep Dwarf Fighter on Mar 4, 2020.
             Was the Champion of Makhleb.
             Annihilated by a titanic slime creature (80 damage)
             ... on level 2 of the Pits of Slime.
             The game lasted 00:15:11 (14285 turns).

Flugslaktarn the Severer (Deep Dwarf Fighter)      Turns: 14285, Time: 00:15:11

Health: -35/136    AC: 19    Str: 27      XL:     16   Next: 47%
Magic:  0/0        EV: 16    Int: 16      God:    Makhleb [******]
Gold:   2601       SH: 14    Dex: 10 (11) Spells: 15/15 levels left

rFire    + + .     SeeInvis .   P - +9 war axe "Imoaqin" {speed, rN+ Int+5 Dex-4}
rCold    . . .     Gourm    .   y - +0 kite shield
rNeg     + + .     Faith    .   K - +2 plate armour {rF+}
rPois    +         Spirit   .   U - +2 hat {MR+}
rElec    +         Reflect  .   i - +1 cloak {rPois}
rCorr    .         Harm     .   X - +2 pair of gloves {Dex+3}
MR       ++++.                  n - +0 pair of boots
Stlth    ..........             E - amulet of rage
HPRegen  0.00/turn              v - +4 ring of evasion
MPRegen  0.07/turn              I - ring "Ceseatzo" {rPois MR+}

@: corroded, very slightly contaminated, non-regenerating, studying Dodging
A: damage resistance, heal wounds, deformed body, deterioration 1, fire
resistance 1, frail 1, low mp 3, negative energy resistance 1, sense
surroundings 2, electricity resistance, strong 1, no regeneration
}: 2/15 runes: decaying, gossamer
a: Heal Wounds, Minor Destruction, Lesser Servant of Makhleb, Major Destruction,
Greater Servant of Makhleb, Renounce Religion, Evoke Berserk Rage


You were on level 2 of the Pits of Slime.
You worshipped Makhleb.
Makhleb was exalted by your worship.
You were not hungry.

You visited 6 branches of the dungeon, and saw 26 of its levels.
You also visited: Gauntlet and Ice Cave.

You collected 2756 gold pieces.
You spent 155 gold pieces at shops.

Inventory:

Hand Weapons
 B - a +7 war axe of venom
   (You found it on level 7 of the Dungeon)
 P - the +9 war axe "Imoaqin" (weapon) {speed, rN+ Int+5 Dex-4}
   (You took it off a minotaur in a Gauntlet)

   Attacks with this weapon are significantly faster.
   It affects your intelligence (+5).
   It affects your dexterity (-4).
   It protects you from negative energy.
Missiles
 p - 2 throwing nets (quivered)
Armour
 i - a +1 cloak of poison resistance (worn)
   (You took it off Crazy Yiuf on level 7 of the Dungeon)
 n - a +0 pair of boots (worn)
   (You found it on level 6 of the Dungeon)
 y - a +0 kite shield (worn)
 H - a +2 helmet
   (You found it on level 1 of the Swamp)
 K - a +2 plate armour of fire resistance (worn)
   (You found it in an ice cave)
 R - +2 pearl dragon scales
   (You took it off a minotaur in a Gauntlet)
 S - a +1 chain mail of fire resistance
   (You found it in a Gauntlet)
 U - a +2 hat of magic resistance (worn)
   (You found it in a Gauntlet)
 X - a +2 pair of gloves of dexterity (worn)
   (You found it on level 4 of the Swamp)
Jewellery
 c - an uncursed ring of protection from cold
   (You took it off a wight on level 7 of the Dungeon)
 k - an uncursed ring of resist corrosion
   (You took it off a minotaur in a Gauntlet)
 v - a +4 ring of evasion (left hand)
   (You found it on level 9 of the Dungeon)
 E - an amulet of rage (around neck)
   (You found it on level 9 of the Dungeon)
 I - the ring "Ceseatzo" (right hand) {rPois MR+}
   (You took it off a wizard in a Gauntlet)

   [ring of poison resistance]

   It protects you from poison.
   It affects your resistance to hostile enchantments.
Wands
 b - a wand of acid (18)
   (You found it on level 2 of the Lair of Beasts)
 u - a wand of paralysis (10)
   (You found it on level 6 of the Dungeon)
 D - a wand of digging (11)
   (You found it on level 7 of the Dungeon)
 G - a wand of clouds (5)
   (You found it on level 9 of the Dungeon)
 T - a wand of iceblast (24)
   (You found it on level 6 of the Lair of Beasts)
Scrolls
 a - a scroll of noise {unknown}
 j - 5 scrolls of enchant weapon
 l - a scroll of brand weapon
 o - 5 scrolls of amnesia
 r - 5 scrolls of identify
 t - 8 scrolls of teleportation
 x - 10 scrolls of remove curse
 z - a scroll of blinking
 F - 3 scrolls of fear
 J - a scroll of silence
 L - a scroll of torment
 N - 2 scrolls of fog
Potions
 d - a potion of might
 f - 2 potions of flight
 g - 3 potions of brilliance
 h - a potion of haste
 m - 5 potions of stabbing
 q - 4 potions of curing
 s - 2 potions of lignification
 w - 4 potions of heal wounds
 A - 2 potions of ambrosia
 C - 2 potions of mutation
 M - a potion of magic
 V - a potion of berserk rage
 W - a potion of cancellation
Books
 Q - a manual of Dodging
   (You found it in a Gauntlet)
Comestibles
 e - 30 rations


   Skills:
 + Level 12.2 Fighting
 - Level 16.0 Axes
 + Level 14.1 Armour
 - Level 11.0 Dodging
 + Level 14.2 Shields
 - Level 15.0 Invocations


You had 15 spell levels left.
You didn't know any spells.
Your spell library was empty.

Dungeon Overview and Level Annotations

Branches:
Dungeon (9/15)             Temple (1/1) D:5            Lair (6/6) D:8
  Swamp (4/4) Lair:3       Spider (4/4) Lair:2        Slime (2/5) Lair:6
    Orc (0/2) D:9           IceCv (visited)         Gauntlet (visited)

Altars:
Ashenzari
Cheibriados
Dithmenos
Elyvilon
Fedhas
Hepliaklqana
Kikubaaqudgha
Makhleb
Nemelex Xobeh
Okawaru
Ru
Uskayaw
Vehumet
Wu Jian
Xom
Yredelemnul
Zin
Jiyva

Shops:
D:6 }   D:8 (   D:9 *

Portals:
Abyss: Lair:4

Annotations:
D:8 exclusions: orange demon, 2 rust devils and 2 more exclusions
Lair:4 2 transporters, Kaimiung's ghost, journeyman MiFi
Lair:6 exclusion: 2 oklob plants


Innate Abilities, Weirdness & Mutations

You are resistant to damage.
You can heal yourself by infusing magical energy.
You resist negative energy. (rN+)
You passively map the area around you.
You do not regenerate.
Armour fits poorly on your strangely shaped body.
Your body sometimes deteriorates upon taking damage.
Your flesh is heat resistant. (rF+)
You are frail. (-10% HP)
Your magical capacity is extremely low. (-30% MP)
You are resistant to electric shocks. (rElec)
Your muscles are strong. (Str +2)


Message History

You block the azure jelly's attack.
The enormous slime creature closely misses you.
Two slime creatures merge to form a titanic slime creature.
You slash the azure jelly!
The azure jelly is moderately wounded.
You slash the enormous slime creature! You slash the slime creature!
You slash the titanic slime creature! The slime creature hits you.
You block the azure jelly's attack.
The azure jelly hits you but does no damage. x2
You block the azure jelly's attack.
You slash the azure jelly!
The azure jelly is heavily wounded.
You slash the titanic slime creature! You hit the slime creature.
You kill the slime creature!
Makhleb accepts your kill.
You feel better.
You completely miss the enormous slime creature.
A large slime creature splits.
The titanic slime creature hits you!!!!
Ouch! That really hurt!
You die...

............# ,
,...#.......#
,,,.......<.# * *
#.#..#...## * *
*, ##.........# *
* * * *
#..J.......#. ,,
, * * *
*#..JJ....... , ,
* ##..JJ....#..,
,
##..@JJ.........
#....J..........
#.#..........>...
#..............,
, ##.#.#.........
, ####..........
,*, , *
..........., *
.....#.#... ,
#....#...#.. , **


You could see an azure jelly, a titanic slime creature, an enormous slime
creature and 5 slime creatures.

Vanquished Creatures
  the Lernaean hydra (Swamp:4)
  An acid blob (Slime:2)
  Kirke (Spider:4)
  4 ghost moths (Spider:4)
  4 emperor scorpions (Spider:4)
  2 entropy weavers (Spider:2)
  Nessos (Lair:5)
  A minotaur (Gauntlet)
  Snorg (Lair:5)
  An ice dragon (Lair:5)
  5 hydras
  3 catoblepae (Lair:6)
  A two-headed ogre (D:7)
  A centaur warrior (D:9)
  A queen ant (D:9)
  2 alligators
  7 death yaks (Lair:6)
  3 large abominations (Gauntlet)
  Sonja (Lair:5)
  A fire crab (Lair:6)
  2 wizards (Gauntlet)
  13 swamp dragons (Swamp:4)
  A necromancer (IceCv)
  3 shining eyes (Slime:2)
  14 wolf spiders
  8 orb spiders
  4 lindwurms (Lair:5)
  A moth of wrath (Spider:4)
  2 manticores (Lair:6)
  7 elephants (Lair:6)
  4 torpor snails
  8 black mambas
  2 ice statues (IceCv)
  13 spiny frogs
  A kobold demonologist (D:9)
  A rime drake (Lair:6)
  6 komodo dragons
  4 demonic crawlers
  3 ice devils (IceCv)
  8 polar bears
  2 tyrant leeches
  19 jumping spiders
  9 hornets
  4 bog bodies
  3 blink frogs (Lair:6)
  10 slime creatures
  9 dream sheep
  5 hippogriffs
  3 spriggans
  18 redbacks
  47 yaks
  18 tarantellas
  2 wyverns
  3 golden eyes (Slime:1)
  7 hogs
  2 basilisks
  A human (D:7)
  6 vampire mosquitoes (Swamp:3)
  6 swamp worms
  A warg (D:9)
  4 insubstantial wisps (Swamp:3)
  20 soldier ants (D:9)
  10 water moccasins
  5 porcupines
  A floating eye (Slime:2)
  5 orc warriors (D:9)
  8 swamp drakes
  2 ice beasts
  3 sky beasts (D:6)
  2 black bears
  3 phantoms
  6 ogres
  22 wolves
  7 centaurs
  11 crocodiles
  15 bullfrogs
  A wyvern skeleton (D:9)
  3 scorpions
  10 killer bees
  3 wights (D:7)
  A howler monkey (D:4)
  2 electric eels (D:9)
  4 crimson imps
  A bullfrog zombie (D:8)
  7 hounds
  4 jellies
  2 quasits (D:6)
  6 small abominations (Gauntlet)
  4 orc priests
  4 orc wizards
  Crazy Yiuf (D:7)
  32 worker ants
  An iguana (D:6)
  A hound zombie (D:7)
  A hound skeleton (D:6)
  A worker ant zombie (D:7)
  A howler monkey zombie (D:9)
  9 adders
  6 gnolls
  An ogre simulacrum (IceCv)
  2 shadow imps
  3 white imps (Gauntlet)
  An adder skeleton (D:4)
  An adder zombie (D:9)
  5 worms
  4 leopard geckos
  28 orcs
  A bat (D:2)
  6 giant cockroaches
  2 goblins (D:1)
  3 hobgoblins
  8 jackals
  2 kobolds (D:1)
  8 quokkas
  A ball python (D:3)
  A frilled lizard (D:4)
  2 quokka skeletons
  A butterfly (Lair:1)
  6 fungi
  A plant (Lair:4)
638 creatures vanquished.

Vanquished Creatures (collateral kills)
  Nikola (Spider:2)
  An acid blob (Slime:1)
  An emperor scorpion (Spider:2)
  A spark wasp (Spider:4)
  A catoblepas (Lair:6)
  10 hydras
  An alligator (Swamp:4)
  5 elephants (Lair:6)
  A spiny frog (Lair:6)
  A jumping spider (Spider:4)
  A hornet (Spider:2)
  2 dream sheep (Lair:6)
  3 redbacks (Spider:4)
  A yak (Lair:6)
  A golden eye (Slime:1)
  2 water moccasins (Lair:6)
  2 crocodiles
  A plant (Lair:6)
36 creatures vanquished.

Vanquished Creatures (others)
  A hydra (Swamp:3)
  4 redbacks (Spider:2)
  A tarantella (Spider:2)
  4 fungi
  9 plants
  A withered plant (Gauntlet)
20 creatures vanquished.

Grand Total: 694 creatures vanquished

Notes
Turn   | Place    | Note
-------+----------+-------------------------------------------
     0 | D:1      | Flugslaktarn the Deep Dwarf Fighter began the quest for the
                  | Orb.
     0 | D:1      | Reached XP level 1. HP: 20/20 MP: 1/1
   160 | D:2      | Reached XP level 2. HP: 27/27 MP: 2/2
   339 | D:4      | Reached skill level 3 in Axes
   339 | D:4      | Reached XP level 3. HP: 32/34 MP: 3/3
   625 | D:4      | Reached XP level 4. HP: 29/42 MP: 4/4
   955 | D:4      | Found a shimmering altar of Xom.
   955 | D:4      | Noticed an angel
   961 | D:4      | Found a glowing silver altar of Zin.
  1046 | D:5      | Entered Level 5 of the Dungeon
  1061 | D:5      | Reached skill level 4 in Axes
  1061 | D:5      | Reached XP level 5. HP: 48/49 MP: 5/5
  1209 | D:5      | Found a staircase to the Ecumenical Temple.
  1245 | Temple   | Entered the Ecumenical Temple
  1267 | Temple   | Became a worshipper of Makhleb the Destroyer
  1295 | D:5      | Noticed a centaur
  1304 | D:5      | Killed a centaur
  1304 | D:5      | Reached skill level 1 in Invocations
  1304 | D:5      | Reached XP level 6. HP: 18/56 MP: 6/6
  1351 | D:5      | Reached skill level 5 in Axes
  1498 | D:5      | Noticed an ice beast
  1512 | D:5      | Killed an ice beast
  1512 | D:5      | Reached XP level 7. HP: 47/63 MP: 7/7
  1963 | D:6      | Reached skill level 5 in Shields
  1968 | D:6      | Reached skill level 5 in Armour
  2007 | D:6      | Reached skill level 6 in Axes
  2042 | D:6      | Reached * piety under Makhleb
  2042 | D:6      | Reached XP level 8. HP: 25/73 MP: 8/8
  2135 | D:6      | Found a hide-covered altar of Uskayaw.
  2240 | D:6      | Reached skill level 7 in Axes
  2351 | D:6      | Reached skill level 5 in Fighting
  2351 | D:6      | Reached skill level 5 in Invocations
  2526 | D:6      | Found Lyoguf's Gadget Emporium.
  2653 | D:7      | Gained mutation: You passively map the area around you.
                  | [Deep Dwarf growth]
  2653 | D:7      | Reached XP level 9. HP: 69/81 MP: 8/10
  2680 | D:7      | Noticed a two-headed ogre
  2709 | D:7      | Killed a two-headed ogre
  2709 | D:7      | Reached skill level 8 in Axes
  2811 | D:7      | Found a runed translucent door.
  2834 | D:7      | Noticed Crazy Yiuf
  2864 | D:7      | Killed Crazy Yiuf
  2921 | D:7      | Reached ** piety under Makhleb
  2925 | D:7      | Identified the +11 falchion of Forgiveness {antimagic,
                  | Int+2}
  2927 | D:7      | Reached skill level 9 in Axes
  3002 | D:7      | Found a blossoming altar of Fedhas.
  3002 | D:7      | Found a sparkling altar of Nemelex Xobeh.
  3002 | D:7      | Found an iron altar of Okawaru.
  3002 | D:7      | Found a shadowy altar of Dithmenos.
  3525 | D:8      | Found a staircase to the Lair.
  3526 | D:8      | Noticed a komodo dragon
  3542 | D:8      | Reached XP level 10. HP: 86/91 MP: 9/9
  3567 | Lair:1   | Entered Level 1 of the Lair of Beasts
  3613 | Lair:1   | Noticed a spiny frog
  3620 | Lair:1   | Killed a spiny frog
  3684 | Lair:1   | Reached skill level 10 in Axes
  3846 | Lair:1   | Noticed a black mamba
  3857 | Lair:1   | Killed a black mamba
  3982 | Lair:1   | Noticed a spiny frog
  3983 | Lair:1   | Noticed a spiny frog
  3995 | Lair:1   | Killed a spiny frog
  3999 | Lair:1   | Killed a spiny frog
  4337 | Lair:2   | Noticed a seven-headed hydra
  4473 | Lair:2   | Found a hole to the Spider Nest.
  4588 | D:8      | Noticed a rust devil
  4588 | D:8      | Noticed an orange demon
  4660 | D:8      | Found an ancient bone altar of Kikubaaqudgha.
  4661 | D:8      | Noticed an orange demon
  4788 | D:8      | Found Boewiadwuy's Weapon Shoppe.
  4894 | D:8      | Reached *** piety under Makhleb
  5509 | D:9      | Reached skill level 11 in Axes
  5702 | D:9      | Reached XP level 11. HP: 91/100 MP: 9/9
  5747 | D:9      | Found Ifafreon's Assorted Antiques.
  5761 | D:9      | Bought a glowing ivory ring for 155 gold pieces
  5796 | D:9      | Noticed a queen ant
  5810 | D:9      | Killed a queen ant
  5833 | D:9      | Reached **** piety under Makhleb
  6015 | D:9      | Noticed a centaur warrior
  6025 | D:9      | Reached ***** piety under Makhleb
  6027 | D:9      | Killed a centaur warrior
  6027 | D:9      | Reached skill level 12 in Axes
  6252 | D:9      | Found a staircase to the Orcish Mines.
  6395 | D:9      | Gained mutation: Your body sometimes deteriorates upon
                  | taking damage. [potion of mutation]
  6395 | D:9      | Gained mutation: Your magical capacity is low. (-10% MP)
                  | [potion of mutation]
  6395 | D:9      | Gained mutation: Your flesh is heat resistant. (rF+)
                  | [potion of mutation]
  6395 | D:9      | Gained mutation: Your muscles are strong. (Str +2) [potion
                  | of mutation]
  7145 | Lair:3   | Found the +7 pair of quick blades "Gyre" and "Gimble"
                  | {protect}
  7274 | Lair:3   | Reached skill level 10 in Invocations
  7274 | Lair:3   | Reached XP level 12. HP: 110/110 MP: 9/9
  7351 | Lair:3   | Found a staircase to the Swamp.
  7581 | Lair:3   | Reached skill level 13 in Axes
  7634 | Lair:3   | Reached skill level 10 in Shields
  7940 | Lair:4   | Reached skill level 10 in Armour
  8135 | Lair:4   | Identified a scroll of acquirement
  8223 | Lair:4   | Reached ****** piety under Makhleb
  8271 | Lair:4   | Found a one-way gate to the infinite horrors of the Abyss.
  8271 | Lair:4   | Noticed Kaimiung's ghost (journeyman MiFi)
  8328 | Lair:4   | Identified the +6 spear of Brawling {distort, rPois Dex+3}
  8442 | Lair:4   | Found a transporter.
  8451 | Lair:4   | Found a transporter.
  8671 | Lair:5   | Noticed Nessos
  8682 | Lair:5   | Killed Nessos
  8818 | Lair:5   | Noticed Sonja
  8822 | Lair:5   | Reached XP level 13. HP: 121/121 MP: 11/11
  8846 | Lair:5   | Killed Sonja
  8846 | Lair:5   | Reached skill level 14 in Axes
  8875 | Lair:5   | Found a frozen archway.
  8926 | IceCv    | Entered an ice cave
  9617 | Lair:5   | Noticed Snorg
  9645 | Lair:5   | Killed Snorg
  9719 | Lair:5   | Got a polished great mace
  9823 | Lair:6   | Entered Level 6 of the Lair of Beasts
  9830 | Lair:6   | Found a gate leading to a gauntlet.
  9909 | Gauntlet | Entered a Gauntlet
  9909 | Gauntlet | Found a transporter.
  9918 | Gauntlet | Found a transporter.
  9937 | Gauntlet | Found a transporter.
  9938 | Gauntlet | Found a transporter.
  9958 | Gauntlet | Found a transporter.
  9971 | Gauntlet | Found a transporter.
  9974 | Gauntlet | Found a transporter.
  9978 | Gauntlet | Found a transporter.
 10008 | Gauntlet | Found a transporter.
 10008 | Gauntlet | Found a transporter.
 10016 | Gauntlet | Found a transporter.
 10043 | Gauntlet | Identified the ring "Ceseatzo" {rPois MR+}
 10053 | Gauntlet | Found a transporter.
 10165 | Gauntlet | Reached skill level 15 in Axes
 10227 | Gauntlet | Identified the +9 war axe "Imoaqin" {speed, rN+ Int+5
                  | Dex-4}
 10227 | Gauntlet | Noticed a minotaur
 10243 | Gauntlet | Killed a minotaur
 10248 | Gauntlet | Identified the Handbook of Mutagenic Heat
 10250 | Gauntlet | Identified the Reference Book on the Supportive Mountains
 10254 | Gauntlet | Identified the Catalogue of Damaging Companions
 10379 | Lair:6   | Reached skill level 1 in Dodging
 10479 | Lair:6   | Gained mutation: You resist negative energy. (rN+) [Deep
                  | Dwarf growth]
 10479 | Lair:6   | Reached XP level 14. HP: 51/130 MP: 9/9
 10626 | Lair:6   | Reached skill level 10 in Fighting
 11071 | Lair:6   | Reached skill level 5 in Dodging
 11470 | Lair:6   | Found a viscous altar of Jiyva.
 11470 | Lair:6   | Found a staircase to the Slime Pits.
 11844 | Spider:1 | Entered Level 1 of the Spider Nest
 11892 | Spider:2 | Noticed Nikola
 11892 | Spider:2 | Noticed an emperor scorpion
 11902 | Spider:2 | Noticed an entropy weaver
 11903 | Spider:2 | Noticed an Executioner
 11928 | Spider:2 | Noticed an entropy weaver
 11936 | Spider:2 | Reached skill level 16 in Axes
 11953 | Spider:2 | Killed an entropy weaver
 11994 | Spider:2 | Killed Nikola
 11999 | Spider:2 | Killed an entropy weaver
 12007 | Spider:2 | Killed an emperor scorpion
 12062 | Spider:2 | Paralysed by a hornet for 1 turns
 12102 | Spider:2 | Reached XP level 15. HP: 108/140 MP: 9/9
 12179 | Spider:4 | Entered Level 4 of the Spider Nest
 12270 | Spider:4 | Killed a ghost moth
 12409 | Spider:4 | Killed a ghost moth
 12530 | Spider:4 | Killed a ghost moth
 12641 | Spider:4 | Killed a ghost moth
 12641 | Spider:4 | Reached skill level 10 in Dodging
 12655 | Spider:4 | Got a gossamer rune of Zot
 12695 | Spider:4 | Noticed Kirke
 12717 | Spider:4 | Killed Kirke
 12887 | Swamp:1  | Entered Level 1 of the Swamp
 13270 | Swamp:4  | Entered Level 4 of the Swamp
 13682 | Swamp:4  | Reached XP level 16. HP: 131/151 MP: 8/8
 13751 | Swamp:4  | Noticed the 27-headed Lernaean hydra
 13766 | Swamp:4  | Reached skill level 15 in Invocations
 13788 | Swamp:4  | Killed the 26-headed Lernaean hydra
 13870 | Swamp:4  | Got a decaying rune of Zot
 14156 | Slime:1  | Entered Level 1 of the Pits of Slime
 14162 | Slime:1  | Noticed an acid blob
 14190 | Slime:1  | Killed an acid blob
 14245 | Slime:1  | Noticed an acid blob
 14249 | Slime:2  | Gained mutation: Your magical capacity is very low. (-20%
                  | MP) [a shining eye]
 14250 | Slime:2  | Paralysed by a floating eye for 4 turns
 14251 | Slime:2  | Gained mutation: You are resistant to electric shocks.
                  | (rElec) [a shining eye]
 14252 | Slime:2  | Noticed an acid blob
 14253 | Slime:2  | Gained mutation: You are frail. (-10% HP) [a shining eye]
 14253 | Slime:2  | Gained mutation: Armour fits poorly on your strangely
                  | shaped body. [a shining eye]
 14254 | Slime:2  | Gained mutation: Your magical capacity is extremely low.
                  | (-30% MP) [a shining eye]
 14279 | Slime:2  | Killed an acid blob
 14285 | Slime:2  | Annihilated by a titanic slime creature

Levels and vault maps discovered:
D:1:      ncdulo_smallfort, layout_basic
D:2:      layout_loops_cross, chequers_ecumenical_altar_lobes
D:3:      layout_rooms, overflow_temple_1_default, first_ration,
          minmay_fountain_box, fedhas_ov_isle_minmay
D:4:      layout_loops_corners, grunt_temple_overflow_order_and_chaos_1,
          minmay_close_crescents
D:5:      layout_loops_corners, minmay_temple_entry_junction_2
D:6:      minmay_octagon_keep, layout_rooms, serial_shops, kennysheep_mini,
          basic_altar
D:7:      layout_layer_cave, grunt_temple_overflow_cloverleaf, serial_glass,
          glass_columns_a, glass_columns_a, glass_columns_c, glass_columns_b,
          glass_columns_b, glass_columns_a, grunt_livestock,
          uniq_crazy_yiuf_cottage
D:8:      wad_cavern_with_rooms, layout_loops_ring, david_lair_shrubbed,
          serial_shops, shop_fountains, lemuel_hellish_altar
D:9:      kennysheep_blocky_room, layout_basic, david_orc_1_choice,
          serial_shops, shop_fountains, kennysheep_diamond, minivault_29
Temple:   eino_wide_crystal_templ
Lair:1:   layout_regular_city, lemuel_fruit_fields, serial_bayou_shore_a
Lair:2:   layout_regular_city, nicolae_spider_entry_non_spiders
Lair:3:   layout_concentric_octagons, skrybe_swamp_entry_bodies,
          forest_entry_grove
Lair:4:   layout_misc_corridors, gammafunk_ghost_abyssal_escape,
          serial_bayou_pond_a, lemuel_fruit_tree
Lair:5:   layout_roguey, portal_ice_cave_entry_animals_and_master,
          minmay_lindwurm_lava, uniq_snorg, uniq_sonja, uniq_nessos
Lair:6:   evilmike_catoblepas_cave, layout_small_grid,
          dpeg_slime_entry_enclosed_altar, gauntlet_entry_generic,
          enter_volcano_1, minmay_shattered_shrine, minmay_lair_oklob_chamber
Swamp:1:  layout_basic_swamp, evilmike_swamp_ruin_house_1,
          infiniplex_staircase_pool
Swamp:2:  layout_basic_swamp, nicolae_swamp_round_clearing
Swamp:3:  layout_basic_swamp, evilmike_swamp_ruin_rubble_2
Swamp:4:  swamp_old_school, layout_basic_swamp, swamp_pool1
Spider:1: layout_spider_delve, uniq_azrael, uniq_aizul
Spider:2: layout_spider_delve, uniq_nikola
Spider:3: mumra_spider_spiderweb
Spider:4: spider_rune_water, uniq_kirke
Slime:1:  nicolae_slime_pool, layout_caves
Slime:2:  layout_caves

Skill      XL: |  1  2  3  4  5  6  7  8  9 10 11 12 13 14 15 16 |
---------------+-------------------------------------------------+-----
Fighting       | 3 4 5 6 7 8 9 10 11 12 | 12.2
Axes           | 3 4 5 6 7 9 11 12 13 15 16 | 16.0
Armour         | 4 5 6 7 8 9 10 11 12 13 14 | 14.1
Shields        | 4 5 6 7 8 9 10 11 12 13 14 | 14.2
Invocations    | 1 2 3 5 6 8 10 11 12 13 14 15 | 15.0
Dodging        | 2 7 10 11 | 11.0

Action                   |  1- 3 |  4- 6 |  7- 9 | 10-12 | 13-15 | 16-18 || total
-------------------------+-------+-------+-------+-------+-------+-------++-------
Melee: War axe           |    80 |    81 |   338 |   705 |  1218 |   156 ||  2578
Invok: Lesser Servant of |       |       |       |       |    14 |     2 ||    16
       Greater Servant o |       |       |       |       |     4 |     1 ||     5
 Abil: Heal Wounds       |       |     5 |    17 |     9 |    20 |     8 ||    59
Evoke: Wand              |       |       |       |       |       |     1 ||     1
  Use: Scroll            |       |       |       |    23 |     6 |     1 ||    30
       Potion            |       |       |       |     1 |    10 |     4 ||    15
 Stab: Distracted        |       |       |       |       |     8 |     2 ||    10
  Eat: Chunk             |       |     2 |     8 |    18 |    12 |     2 ||    42
       Ration            |       |       |       |       |     1 |     1 ||     2
Armor: Scale mail        |    37 |    50 |   140 |    11 |       |       ||   238
       Plate armour      |       |       |       |   269 |   764 |   275 ||  1308
Dodge: Dodged            |    23 |    17 |   146 |   189 |   532 |   254 ||  1161
Block: Kite shield       |    44 |    48 |   225 |   380 |   732 |   168 ||  1597

Table legend:
 A = Non-vault XP
 B = Vault XP
 C = Vault XP percentage of total XP
 D = Non-vault monster count
 E = Vault monster count
 F = Vault count percentage of total count
                 A         B        C        D         E       F
            +---------+---------+-------+---------+---------+-------
      Total |   92734 |   90335 |  49.3 |     434 |     232 |  34.8
            +---------+---------+-------+---------+---------+-------
        D:1 |      10 |       0 |   0.0 |       6 |       0 |   0.0
        D:2 |       4 |       0 |   0.0 |       2 |       0 |   0.0
        D:3 |      12 |       0 |   0.0 |       5 |       0 |   0.0
        D:4 |      94 |      28 |  23.0 |      14 |       2 |  12.5
        D:5 |     703 |       0 |   0.0 |      15 |       0 |   0.0
        D:6 |    1200 |     455 |  27.5 |      22 |       8 |  26.7
        D:7 |    2009 |     983 |  32.9 |      35 |       6 |  14.6
        D:8 |     896 |     892 |  49.9 |      22 |       6 |  21.4
        D:9 |    1372 |    7151 |  83.9 |      29 |      58 |  66.7
     Lair:1 |    2759 |       0 |   0.0 |      13 |       0 |   0.0
     Lair:2 |    2109 |     154 |   6.8 |      14 |       8 |  36.4
     Lair:3 |    6241 |    1771 |  22.1 |      26 |       9 |  25.7
     Lair:4 |    7310 |       0 |   0.0 |      34 |       0 |   0.0
     Lair:5 |    6873 |    8185 |  54.4 |      28 |      15 |  34.9
     Lair:6 |   13605 |   16550 |  54.9 |      43 |      31 |  41.9
    Swamp:1 |     718 |       0 |   0.0 |       3 |       0 |   0.0
    Swamp:2 |     576 |       0 |   0.0 |       2 |       0 |   0.0
    Swamp:3 |    3565 |       0 |   0.0 |      15 |       0 |   0.0
    Swamp:4 |    7021 |   18406 |  72.4 |      20 |      21 |  51.2
   Spider:1 |    1764 |       0 |   0.0 |       7 |       0 |   0.0
   Spider:2 |   11689 |    3465 |  22.9 |      26 |       1 |   3.7
   Spider:3 |    5176 |       0 |   0.0 |      13 |       0 |   0.0
   Spider:4 |    8035 |   24929 |  75.6 |      24 |      44 |  64.7
    Slime:1 |    2872 |       0 |   0.0 |       5 |       0 |   0.0
    Slime:2 |    6121 |       0 |   0.0 |      11 |       0 |   0.0
      IceCv |       0 |    2551 | 100.0 |       0 |       7 | 100.0
   Gauntlet |       0 |    4815 | 100.0 |       0 |      16 | 100.0
            +---------+---------+-------+---------+---------+-------
